AoeStats
← rubeolay

Arena

508098687Analyzed
3v3 RM · 10d ago on Sep 20, 2026· 42m 18s· 6 players
Game mode
Random Map
Map size
Normal (6 player)
Population
200
Speed
Normal
Resources
Standard
Victory
Conquest
Starting age
Dark Age
Ending age
Imperial Age
RankedLock teamsTeams togetherTeam positionsShared explorationLock speedFull tech treeHidden civsTurbo modeCheats
Victory
Defeat
🇺🇸 Magyars · United States
1052
+16
🇮🇹 Romans · Italy
1025
+17
🇨🇳 Sicilians · China
1010
+41
🇵🇪 Italians · Peru
1093
-19
🇺🇸 Teutons · United States
1018
-16
🇨🇱 Burgundians · Chile
1015
-15
shortsnorter
7:48 Loom
11:04 Feudal Age
15:11 Castle Age
13:52 Double-Bit Axe
14:25 Horse Collar
22:34 Wheelbarrow
23:27 Bow Saw
31:26 Imperial Age
28:56 Fletching
29:31 Ballistics
29:49 Bloodlines
29:40 Husbandry
31:24 Bodkin Arrow
33:16 Chemistry
32:56 Parthian Tactics
32:59 Bracer
33:06 Scale Barding Armor
35:47 Recurve Bow
37:34 Heavy Cavalry Archer
40:43 Chain Barding Armor
41:39 Conscription
40:53 Light Cavalry
Khruner
11:59 Feudal Age
16:09 Castle Age
14:42 Double-Bit Axe
15:14 Man-at-Arms
16:16 Scale Mail Armor
17:59 Pikeman
18:00 Long Swordsman
21:46 Loom
22:38 Wheelbarrow
21:49 Town Watch
22:41 Horse Collar
23:54 Squires
25:23 Chain Mail Armor
25:22 Forging
27:46 Hand Cart
28:47 Iron Casting
32:51 Imperial Age
32:08 Husbandry
32:31 Gold Mining
33:43 Capped Ram
33:51 Legionary
36:00 Gold Shaft Mining
35:38 Bow Saw
35:31 Heavy Plow
37:34 Blast Furnace
36:40 Scale Barding Armor
35:59 Elite Centurion
36:59 Conscription
36:55 Siege Ram
38:54 Comitatenses
蜡笔小新
10:34 Feudal Age
12:05 Double-Bit Axe
14:43 Castle Age
12:42 Horse Collar
16:36 Bow Saw
19:58 Gold Mining
21:25 Stone Mining
21:24 Loom
22:44 Wheelbarrow
24:33 Hand Cart
24:31 Town Watch
28:30 Imperial Age
26:57 Squires
26:42 Arson
27:20 First Crusade
27:14 Scale Mail Armor
27:24 Forging
27:31 Forging
26:59 Pikeman
29:02 Gold Shaft Mining
29:07 Stone Shaft Mining
29:21 Heavy Plow
29:04 Elite Serjeant
30:08 Conscription
29:12 Halberdier
31:12 Conscription
31:20 Chain Mail Armor
31:41 Iron Casting
32:31 Plate Mail Armor
34:20 Blast Furnace
34:53 Gambesons
35:36 Fletching
36:13 Ballistics
36:53 Chemistry
36:56 Crop Rotation
39:10 Heated Shot
39:15 Murder Holes
39:30 Masonry
39:21 Bodkin Arrow
40:04 Hoardings
39:58 Sappers
42:28 Hauberk
42:40 Bracer
42:45 Scale Barding Armor
42:41 Padded Archer Armor
rubeolay
12:48 Feudal Age
20:00 Castle Age
18:18 Horse Collar
18:39 Double-Bit Axe
21:54 Heavy Plow
23:52 Squires
23:39 Gambesons
23:50 Fletching
25:00 Wheelbarrow
24:11 Town Watch
25:42 Gold Mining
25:45 Stone Mining
26:57 Bow Saw
26:28 Pikeman
29:17 Hand Cart
30:30 Fortified Wall
31:26 Forging
31:18 Scale Mail Armor
35:50 Imperial Age
34:17 Bodkin Arrow
36:09 Iron Casting
35:50 Chain Mail Armor
38:00 Crenellations
38:19 Guilds
39:09 Elite Skirmisher
40:29 Padded Archer Armor
42:07 Chemistry
42:18 Loom
acp961
11:14 Feudal Age
14:55 Castle Age
12:56 Double-Bit Axe
16:10 Bow Saw
16:25 Horse Collar
22:24 Heavy Plow
23:36 Wheelbarrow
22:47 Loom
24:33 Stone Mining
24:33 Gold Mining
25:24 Hand Cart
26:40 Stone Shaft Mining
29:18 Imperial Age
27:24 Padded Archer Armor
27:18 Fletching
27:51 Loom
29:19 Leather Archer Armor
28:59 Bodkin Arrow
29:23 Thumb Ring
30:00 Forging
29:51 Scale Mail Armor
30:54 Ring Archer Armor
30:55 Crop Rotation
31:30 Two-Man Saw
30:57 Murder Holes
32:11 Chemistry
31:44 Elite Genoese Crossbowman
rodrigolbs
10:52 Feudal Age
9:13 Double-Bit Axe
12:47 Bow Saw
14:58 Castle Age
13:01 Horse Collar
14:10 Heavy Plow
17:02 Two-Man Saw
18:32 Crop Rotation
21:09 Wheelbarrow
22:19 Gold Mining
22:21 Stone Mining
22:51 Hand Cart
23:54 Gold Shaft Mining
29:29 Imperial Age
27:26 Padded Archer Armor
28:11 Murder Holes
28:09 Fletching
29:52 Leather Archer Armor
29:33 Bodkin Arrow
31:33 Chemistry
30:55 Ballistics
31:48 Conscription
31:36 Bracer
Connection lost

Rejoining the realm…

Still unreachable

The connection could not be restored.

Session expired

The server has moved on; the page needs a fresh start.